 Dungeon Crawl Stone Soup version 0.20-a0-274-g7b51309 (webtiles) character file.

53 AlphabetPasta the Grave Robber (level 4, -5/24 HPs)
             Began as a Kobold Necromancer on Dec 13, 2016.
             Killed from afar by Sigmund (11 damage)
             ... with a magic dart
             ... on level 2 of the Dungeon.
             The game lasted 00:09:58 (1879 turns).

AlphabetPasta the Grave Robber (Kobold Necromancer) Turns: 1879, Time: 00:10:01

Health: -5/24      AC:  4    Str:  5    XL:     4   Next: 10%
Magic:  0/7        EV: 15    Int: 17    God:
Gold:   92         SH:  0    Dex: 15    Spells: 0/8 levels left

rFire  . . .     SeeInvis .     d - +0 dagger
rCold  . . .     Gourm    .     a - +0 robe
rNeg   . . .     Faith    .     (shield restricted)
rPois  .         Spirit   .     g - -1 helmet (curse)
rElec  .         Reflect  .     (no cloak)
rCorr  .         Harm     .     f - +1 pair of gloves
MR     .....                    (no boots)
Stlth  +++.......               (no amulet)
                                (no ring)
                                (no ring)

@: lethally poisoned (-5 -> -17)
A: carnivore 3
a: no special abilities


You were on level 2 of the Dungeon.
You were completely stuffed.

You visited 1 branch of the dungeon, and saw 2 of its levels.

You collected 92 gold pieces.

Inventory:

Hand Weapons
 d - a +0 dagger (weapon)
Armour
 a - a +0 robe (worn)
 f - a +1 pair of gloves (worn)
 g - a cursed -1 helmet (worn)
Jewellery
 i - an uncursed ring of fire
Scrolls
 e - 2 scrolls of remove curse
Potions
 h - a potion of resistance {unknown}
Books
 b - a book of Necromancy

   Spells                             Type                      Level
   a - Pain                           Necromancy                   1
   b - Animate Skeleton               Necromancy                   1
   c - Vampiric Draining              Necromancy                   3
   d - Regeneration                   Charms/Necromancy            3
   e - Animate Dead                   Necromancy                   4
   f - Control Undead                 Necromancy                   4
Comestibles
 c - a meat ration
 m - 6 chunks of flesh


   Skills:
 + Level 1.1 Short Blades
 + Level 2.9 Dodging
 + Level 3.6 Stealth
 + Level 2.5 Spellcasting
 * Level 4.4 Necromancy


You couldn't memorise any spells.
You knew the following spells:

 Your Spells              Type           Power        Failure   Level  Hunger
a - Pain                  Necr           ###.         2%          1    #......
b - Animate Skeleton      Necr           N/A          2%          1    #......
c - Vampiric Draining     Necr           ###.......   10%         3    ###....
d - Regeneration          Chrm/Necr      #.........   24%         3    ###....


Dungeon Overview and Level Annotations

Branches:
Dungeon (2/15)

Altars:

Annotations:
D:2 Sigmund


Innate Abilities, Weirdness & Mutations

You are small and have problems with some larger weapons.
You are carnivorous and can eat meat at any time.


Message History

Casting: Vampiric Draining
Confirm with . or Enter, or press ? or * to list all spells.
Aiming: Pain
Press: ? - help, Shift-Dir - straight line Nothing appears to happen.
You feel sick.
Your adder skeleton barely misses something.
Something hits you but does no damage.
You are more poisoned.
Casting: Pain
Confirm with . or Enter, or press ? or * to list all spells.
Aiming: Pain
Press: ? - help, Shift-Dir - straight line Nothing appears to happen.
* * * LOW HITPOINT WARNING * * *
You feel sick.
Your adder skeleton barely misses something.
You hear some strange, mumbled words.
A magic dart appears from out of thin air!
The magic dart hits you!
You die...

#.###### ..
..#...Z# #.
###.##.# #.##
.<..##.## #..#
.###...Z######.##
.# #..?...Z.##..#
.#
#....###.###Z##
.# #....# #.#
#.{# .# #....#
#.# ##@# ##
#....# #.####.##
#....# #...##..#
######
##......###
#........#
#......#.#
######.#.# #...#
##..#


You could see a friendly adder skeleton.

Vanquished Creatures
  An adder (D:2)
  A worm (D:1)
  2 dart slugs (D:1)
  A leopard gecko (D:1)
  5 bats (D:1)
  2 giant cockroaches (D:1)
  6 goblins
  3 hobgoblins
  2 jackals (D:1)
  A ball python (D:1)
  2 frilled lizards (D:1)
  2 kobolds
  7 rats
35 creatures vanquished.

Vanquished Creatures (collateral kills)
  A rat (D:1)
1 creature vanquished.

Grand Total: 36 creatures vanquished

Notes
Turn   | Place    | Note
-------+----------+-------------------------------------------
     0 | D:1      | AlphabetPasta the Kobold Necromancer began the quest for the Orb.
     0 | D:1      | Reached XP level 1. HP: 10/10 MP: 3/3
    15 | D:1      | Learned a level 1 spell: Animate Skeleton
   198 | D:1      | Reached XP level 2. HP: 13/15 MP: 3/5
   444 | D:1      | Reached skill level 1 in Short Blades
   804 | D:1      | Reached XP level 3. HP: 15/19 MP: 2/6
  1381 | D:1      | Learned a level 3 spell: Vampiric Draining
  1636 | D:2      | Learned a level 3 spell: Vampiric Draining
  1766 | D:2      | Reached XP level 4. HP: 10/24 MP: 1/7
  1774 | D:2      | Learned a level 3 spell: Regeneration
  1861 | D:2      | Noticed Sigmund
  1879 | D:2      | Killed from afar by Sigmund

Vault maps used:
D:1:      elethiomel_arrival_infinity_welcomes_careful_drivers
D:2:      grunt_decor_clamped, uniq_iyjb, uniq_sigmund

Skill      XL: |  1  2 |
---------------+-------+-----
Stealth        | 3 |  3.6
Short Blades   | 1 |  1.1
Dodging        | |  2.9
Spellcasting   | |  2.5
Necromancy     | |  4.4

Action                   |  1- 3 |  4- 6 || total
-------------------------+-------+-------++-------
Melee: Dagger            |    33 |       ||    33
 Cast: Pain              |    55 |     5 ||    60
       Animate Skeleton  |    14 |     1 ||    15
       Vampiric Draining |       |     1 ||     1
  Use: Scroll            |     5 |       ||     5
 Stab: Sleeping          |     4 |       ||     4
  Eat: Chunk             |    12 |       ||    12
Armor: Robe              |    10 |     1 ||    11
Dodge: Dodged            |    34 |       ||    34
